 Dungeon Crawl Stone Soup version 0.32-a0-953-g508020473e (webtiles) character file.

Game seed: 12914409743866947060

168 Fodor the Covered (level 5, -3/47 HPs)
             Began as a Minotaur Fighter on Apr 16, 2024.
             Succumbed to an orc wizard's poison
             ... on level 3 of the Dungeon.
             The game lasted 00:08:02 (1982 turns).

Fodor the Covered (Minotaur Fighter)                Turns: 1982, Time: 00:08:03

Health: -3/47      AC: 12    Str: 22    XL:     5   Next: 23%
Magic:  4/4        EV:  7    Int:  5    God:
Gold:   134        SH:  4    Dex: 10    Spells: 4/4 levels left

rFire   . . .        a - +0 war axe
rCold   . . .        c - +0 buckler
rNeg    . . .        s - +0 chain mail
rPois   .            (helmet restricted)
rElec   .            (no cloak)
rCorr   +            m - +0 pair of gloves
SInv    .            h - +0 pair of boots
Will    .....        (no amulet) Stlth
                     o - ring of resist corrosion
HPRegen 0.27/turn    (no ring)
MPRegen 0.09/turn

%: no passive effects
@: lethally poisoned (-3 -> -24)
A: horns 2, retaliatory headbutt
a: no special abilities


You were on level 3 of the Dungeon.
You visited 1 branch of the dungeon, and saw 3 of its levels.

You collected 134 gold pieces.

Inventory:

Hand Weapons
 a - a +0 war axe (weapon)
Armour
 c - a +0 buckler (worn)
 h - a +0 pair of boots (worn)
 m - a +0 pair of gloves (worn)
 s - a +0 chain mail (worn)
Jewellery
 o - a ring of resist corrosion (left hand)
Wands
 b - a wand of iceblast (12)
 r - a wand of light (5)
Scrolls
 e - 3 scrolls of teleportation {unknown}
 f - 4 scrolls of identify {unknown}
 g - 2 scrolls of enchant weapon {unknown}
 j - a scroll of revelation {unknown}
 k - 3 scrolls of immolation {unknown}
 l - 2 scrolls of enchant armour {unknown}
Potions
 d - 2 potions of might
 i - a potion of berserk rage {unknown}
 n - 2 potions of lignification {unknown}
 p - a potion of curing {unknown}
 q - a potion of enlightenment {unknown}
 t - a potion of ambrosia {unknown}
 u - a potion of degeneration {unknown}


   Skills:
 + Level 4.3 Fighting
 + Level 4.6 Axes
 + Level 4.8 Armour
 + Level 0.7 Dodging
 + Level 4.2 Shields


You had 4 spell levels left.
You didn't know any spells.
Your spell library contained the following spells:

 Spells                   Type           Power      Damage    Failure   Level
 Conjure Ball Lightning   Conj/Air       0%         3x3d6     100%        6
 Discord                  Hex            0%         N/A       100%        8
 Disjunction              Tloc           0%         N/A       100%        8


Dungeon Overview and Level Annotations

Branches:
Dungeon (3/15)

Altars:
Yredelemnul


Innate Abilities, Weirdness & Mutations

You have a pair of horns on your head.
You reflexively headbutt those who attack you in melee.


Message History

You kill the orc!
The orc wizard hits you with a +2 dagger of venom.
You are poisoned.
You hit the orc wizard.
The orc wizard is lightly wounded.
You feel very sick.
The orc wizard hits you but does no damage.
You are more poisoned.
You hit the orc wizard.
The orc wizard is heavily wounded.
You feel very sick.
The orc wizard hits you but does no damage.
You are more poisoned.
You completely miss the orc wizard.
The orc wizard is heavily wounded.
You feel extremely sick.
The orc wizard hits you but does no damage.
The orc wizard hits you with a +2 dagger of venom.
You hit the orc wizard.
The orc wizard is severely wounded.
You feel very sick. You block the orc wizard's attack.
You closely miss the orc wizard.
The orc wizard is severely wounded.
You feel very sick.
The orc wizard points at you and mumbles some strange words.
The magic dart hits you.
* * * LOW HITPOINT WARNING * * *
You miss the orc wizard.
The orc wizard is severely wounded.
* * * LOW HITPOINT WARNING * * *
You feel very sick.
The orc wizard hits you with a +2 dagger of venom.
* * * LOW HITPOINT WARNING * * *
You are more poisoned.
The orc wizard gestures wildly while chanting.
The orc wizard flickers and vanishes!
Deactivating autopickup; reactivate with Ctrl-A.
You closely miss something. Your headbutt misses something.
You die...

### ####### ..#####
##################.....#
.......
......{@...............>
.......
.....#########...#.###..
....... ... #...#.###..
....... ( #...+......
..####+ #...###.#..
.......##### #...##...[.
...........# ######.##..
.#####.....# ####.# #.
.## #.....# #....# .


There were no monsters in sight!

Vanquished Creatures
  An orc priest (D:3)
  An orc wizard (D:3)
  Robin (D:3)
  2 adders
  3 ribbon worms
  A dart slug (D:3)
  An orc (D:3)
  4 ball pythons
  5 bats
  8 endoplasms
  2 giant cockroaches
  10 goblins
  8 hobgoblins
  4 jackals (D:3)
  2 quokkas
  4 frilled lizards
  7 kobolds
  5 rats
69 creatures vanquished.

Notes
Turn   | Place    | Note
-------+----------+-------------------------------------------
     0 | D:1      | Fodor the Minotaur Fighter began the quest for the Orb.
     0 | D:1      | Reached XP level 1. HP: 19/19 MP: 0/0
   100 | D:1      | Reached XP level 2. HP: 27/27 MP: 1/1
   127 | D:1      | Found a faded altar of an unknown god.
   353 | D:1      | Reached XP level 3. HP: 33/33 MP: 2/2
  1440 | D:3      | Noticed Robin
  1457 | D:3      | Reached XP level 4. HP: 40/40 MP: 3/3
  1468 | D:3      | Killed Robin
  1603 | D:3      | Found a basalt altar of Yredelemnul.
  1974 | D:3      | Reached XP level 5. HP: 41/46 MP: 4/4
  1981 | D:3      | HP: 2/47 [orc wizard/+2 dagger of venom (4)]
  1982 | D:3      | Succumbed to an orc wizard's poison

Illustrated notes

Levels and vault maps discovered:
D:1:      dpeg_arrival_pond, layout_basic,
          shapermc_ecumenical_altar_mp_urbaneastern
D:2:      layout_basic
D:3:      layout_basic, mainiacjoe_overflow_small_starburst, uniq_robin

Skill      XL: |  1  2  3  4 |
---------------+-------------+-----
Fighting       | 4 |  4.3
Armour         | 4 |  4.8
Axes           | 3 4 |  4.6
Shields        | 4 |  4.2
Dodging        | |  0.7

Action                     |  1- 3 |  4- 6 || total
---------------------------+-------+-------++-------
  Melee: War axe           |    86 |    42 ||   128
         Headbutt          |    11 |     3 ||    14
 Armour: Scale mail        |    63 |    15 ||    78
         Chain mail        |       |    11 ||    11
  Dodge: Dodged            |    43 |    16 ||    59
  Block: Buckler           |    21 |    11 ||    32

Table legend: (Time is in decaauts)
 A = Elapsed time spent in this place.
 B = Non-inter-level travel time spent in this place.
 C = Inter-level travel time spent in this place.
 D = Time resting spent in this place.
 E = Time spent auto-exploring this place.
 F = Levels seen in this place.
 G = Mean time per level.
                   A        B        C        D        E       F      G
               +--------+--------+--------+--------+--------+-----+--------+
         Total |   2026 |   1999 |     27 |      0 |   1156 |   3 |  675.3 |
       Dungeon |   2026 |   1999 |     27 |      0 |   1156 |   3 |  675.3 |
               +--------+--------+--------+--------+--------+-----+--------+

Top non-repeatable levels by time:
     D:2: 876 daAuts
     D:1: 582 daAuts
     D:3: 566 daAuts
